AoeStats
← [Massa] Edo

Arena

507204694Analyzed
3v3 RM · 14d ago on Sep 17, 2026· 33m 41s· 6 players
Game mode
Random Map
Map size
Normal (6 player)
Population
200
Speed
Normal
Resources
Standard
Victory
Conquest
Starting age
Dark Age
Ending age
Imperial Age
RankedLock teamsTeams togetherTeam positionsShared explorationLock speedFull tech treeHidden civsTurbo modeCheats
Victory
Defeat
🇲🇽 Burgundians · Mexico
1521
+13
🇨🇴 Cumans · Colombia
1515
+14
🇨🇴 Bohemians · Colombia
1470
+15
🇧🇷 Italians · Brazil
1474
-15
🇺🇸 Burgundians · United States
1469
-14
🇧🇷 Lithuanians · Brazil
1441
-13
[Massa] Edo
10:31 Feudal Age
14:30 Castle Age
12:45 Double-Bit Axe
13:07 Horse Collar
15:28 Bow Saw
16:30 Loom
22:02 Redemption
23:07 Town Watch
tg
11:14 Feudal Age
12:10 Horse Collar
15:02 Castle Age
12:50 Double-Bit Axe
16:41 Bow Saw
20:10 Wheelbarrow
19:37 Heavy Plow
21:23 Hand Cart
25:30 Loom
25:39 Gold Mining
28:44 Imperial Age
26:34 Stone Mining
28:49 Stone Shaft Mining
28:01 Town Watch
29:18 Padded Archer Armor
30:30 Chemistry
30:42 Two-Man Saw
30:27 Leather Archer Armor
29:41 Light Cavalry
30:32 Bloodlines
30:22 Husbandry
31:03 Scale Barding Armor
30:39 Winged Hussar
30:39 Cavalier
31:55 Ring Archer Armor
32:29 Chain Barding Armor
33:13 Crop Rotation
el_Feist
3:16 Double-Bit Axe
6:41 Horse Collar
12:15 Feudal Age
16:05 Castle Age
14:48 Bow Saw
14:41 Heavy Plow
17:41 Husbandry
22:19 Stone Mining
24:15 Scale Barding Armor
23:40 Cavalier
24:15 Light Cavalry
25:41 Forging
27:33 Chain Barding Armor
29:33 Iron Casting
29:39 Pikeman
30:21 Squires
canodez
1:03 Loom
5:34 Double-Bit Axe
11:34 Feudal Age
16:24 Castle Age
16:52 Light Cavalry
18:35 Wheelbarrow
18:23 Husbandry
24:31 Horse Collar
25:08 Gold Mining
30:06 Imperial Age
27:53 Hand Cart
28:29 Bow Saw
29:40 Cavalier
32:09 Chemistry
30:58 Pikeman
32:12 Scale Barding Armor
33:19 Chain Barding Armor
33:01 Fletching
33:21 Forging
32:58 Paladin
andyf.1904
11:13 Feudal Age
12:52 Loom
16:18 Castle Age
14:55 Double-Bit Axe
19:16 Bow Saw
21:15 Redemption
21:28 Sanctity
25:11 Fervor
31:20 Bow Saw
I like to play Random
10:18 Feudal Age
11:39 Double-Bit Axe
20:16 Castle Age
18:04 Loom
18:34 Gold Mining
19:39 Bloodlines
19:38 Scale Barding Armor
19:44 Forging
19:41 Horse Collar
21:21 Wheelbarrow
23:18 Chain Barding Armor
24:45 Iron Casting
28:47 Gold Shaft Mining
32:49 Hand Cart
33:46 Town Watch
Connection lost

Rejoining the realm…

Still unreachable

The connection could not be restored.

Session expired

The server has moved on; the page needs a fresh start.